 Dungeon Sprint DCSS version 0.05.21-48-g4b524a92c8 (webtiles) character file.

Game seed: 10053791771137723825, levelgen mode: deterministic

4700000 Leeroy the Axe Maniac (level 20, -14/216 HPs) Hill Orc Fighter. Began on Aug 1, 2021. Was the Champion of Makhleb. Demolished by The Servant ... wielding a +9 glaive of molten steel (93 damage) ... in the Dungeon (Sprint VIII: "Arena of Blood"). The game lasted 00:03:03 (47 turns).

Leeroy the Axe Maniac (Hill Orc Fighter)              Turns: 47, Time: 00:03:04

Health: -14/216    AC: 13    Str: 22    XL:     20 ^: 12421
Magic:  21/37      EV: 30    Int:  8    God:    Makhleb [6* [200]]
Gold:   0          SH:  0    Dex: 16    Spells: 40/40 levels left

rFire    . . .     Vision   .   l - +∞ Axe of Woe
rCold    . . .     Gourm    .   (also wielding the above weapon)
rNeg     . . .     Faith    .   b - +0 scale mail
rCorr    . . .     Spirit   .   (no helmet)
rPois    .         Reflect  .   (no cloak)
rElec    .         Harm     .   (no gloves)
MR       +....     NoTele   +   (no boots)
Stlth    ++++++++..             (no amulet)
HPRegen  0.82/turn              (no ring)
MPRegen  0.47/turn              (no ring)

@: no status effects
A: no striking features
a: Minor Destruction, Lesser Servant of Makhleb, Major Destruction, Greater
Servant of Makhleb, Renounce Religion


You were in the Dungeon.
You worshipped Makhleb.
Makhleb was exalted by your worship.
You were not hungry.

You visited 1 branch

Inventory:

Weapons
 a - a +0 war axe
 l - the +∞ Axe of Woe (weapon)
   (You found it in the Dungeon)
 n - a +9 war axe Shields
 c - a +0 heater shield
Armour
 b - a +0 scale mail (worn)
Jewellery
 m - an uncursed ring of slaying
Scrolls
 k - a scroll of blinking
Potions
 d - a potion of might
 e - a potion of curing
 g - a potion of heal wounds
 h - a potion of haste
 i - 2 potions of magic
 j - a potion of berserk rage
Comestibles
 f - a ration


   Skills:
 O Level 27 Fighting
 O Level 27 Axes & Hammers
 O Level 27 Armour
 O Level 27 Dodging
 O Level 27 Stealth
 O Level 27 Shields
 + Level 10.8 Spellcasting
 O Level 27 Invocations


You had 40 spell levels left.
You didn't know any spells.
Your spell library was empty.

Dungeon Overview and Level Annotations

Branches:
Dungeon (1/1)

Altars:
Makhleb

Annotations:
D The Servant


Message History

You kill the bag of meat!
Makhleb accepts your kill.
Your Spellcasting skill increases to level 9!
The bag of meat is engulfed in blazing flames (11)!
You hear a shout!
A tyrant comes into view.
The eight-headed meat hydra calls on the powers of darkness!
The eight-headed meat hydra convulses!
The bag of meat convulses!
The meat berserker convulses!
Your body is wracked with pain!
The bag of meat convulses!
Unknown command.
You slash the meat berserker (8)!
You cleave the meat berserker in twain.
You kill the meat berserker!
Makhleb accepts your kill.
You feel better.
Your Spellcasting skill increases to level 10!
You hear a shout!
The Servant hits you from afar with a +9 glaive of molten steel (93)!!!!
The Servant burns you (93)!!!!
You die...

..... .. #... ..#
. #... ..#
...###%.. .%###.
.......%###......
#.. .L..._..o...
...o #..%%@#
...%O #§§<)_#
......#§)@).#..
#...V.§o°_..%.D..
......○)###......
...###§.○ ..###.
.. #.§.o .%#
#...o. .#
....V....
...........
.......V..


You could see a tyrant, The Servant, an eight-headed meat hydra, a destroyer and
2 bags of meat.

Vanquished Creatures
  5 vampire knights (D)
  2 two-headed ogres (D)
  17 ogres (D)
  19 orcs (D)
43 creatures vanquished.

Notes
Turn   | Place    | Note
-------+----------+-------------------------------------------
     0 | D        | Found the +∞ Axe of Woe
     0 | D        | Leeroy the Hill Orc Fighter began the quest for the Orb.
     0 | D        | Reached XP level 1. HP: 19/19 MP: 1/1
     1 | D        | Noticed a bag of meat
     4 | D        | Became a worshipper of Makhleb the Destroyer
     6 | D        | Killed a bag of meat
     6 | D        | Reached XP level 2. HP: 47/47 MP: 2/2
     6 | D        | Reached XP level 3. HP: 53/53 MP: 3/3
     6 | D        | Reached XP level 4. HP: 61/61 MP: 4/4
     6 | D        | Reached XP level 5. HP: 68/68 MP: 5/5
     6 | D        | Reached XP level 6. HP: 75/75 MP: 6/6
     6 | D        | Reached XP level 7. HP: 82/82 MP: 7/7
     6 | D        | Reached XP level 8. HP: 90/90 MP: 8/8
     6 | D        | Reached XP level 9. HP: 96/96 MP: 9/9
     6 | D        | Reached XP level 10. HP: 104/104 MP: 10/10
     8 | D        | Noticed a meat berserker
    10 | D        | Noticed a bag of meat
    10 | D        | Noticed a bag of meat
    10 | D        | Noticed a meat berserker
    10 | D        | Noticed a meat berserker
    10 | D        | Noticed a meat berserker
    10 | D        | Noticed a bag of meat
    10 | D        | Noticed a bag of meat
    11 | D        | Noticed a bag of meat
    11 | D        | Noticed a meat berserker
    12 | D        | Killed a meat berserker
    12 | D        | Reached * piety under Makhleb
    12 | D        | Reached XP level 11. HP: 111/111 MP: 11/11
    13 | D        | Noticed a bag of meat
    13 | D        | Killed a meat berserker
    13 | D        | Noticed a bag of meat
    13 | D        | Noticed a meat berserker
    13 | D        | Noticed a bag of meat
    14 | D        | Killed a meat berserker
    14 | D        | Reached XP level 12. HP: 60/118 MP: 12/12
    15 | D        | Noticed a meat berserker
    15 | D        | Killed a bag of meat
    15 | D        | Reached ** piety under Makhleb
    15 | D        | Reached skill level 27 in Axes & Hammers
    15 | D        | Killed a meat berserker
    15 | D        | Reached XP level 13. HP: 64/125 MP: 13/13
    16 | D        | Killed a meat berserker
    16 | D        | Killed a bag of meat
    16 | D        | Reached *** piety under Makhleb
    16 | D        | Noticed a meat berserker
    16 | D        | Noticed a bag of meat
    17 | D        | Killed a bag of meat
    17 | D        | Noticed a bag of meat
    17 | D        | Noticed a large bag of meat
    18 | D        | Noticed a bag of meat
    19 | D        | Killed a meat berserker
    19 | D        | Killed a meat berserker
    19 | D        | Reached **** piety under Makhleb
    19 | D        | Reached XP level 14. HP: 133/133 MP: 14/14
    19 | D        | Noticed a meat berserker
    20 | D        | Noticed a meat berserker
    20 | D        | Noticed a meat berserker
    20 | D        | Noticed a destroyer
    21 | D        | Noticed a meat berserker
    22 | D        | Killed a bag of meat
    22 | D        | Noticed a bag of meat
    23 | D        | Killed a meat berserker
    23 | D        | Noticed a bag of meat
    24 | D        | Killed a meat berserker
    24 | D        | Reached ***** piety under Makhleb
    24 | D        | Killed a bag of meat
    24 | D        | Killed a bag of meat
    25 | D        | Noticed a destroyer
    26 | D        | Noticed a bag of meat
    26 | D        | Noticed a meat berserker
    26 | D        | Noticed a bag of meat
    27 | D        | Killed a meat berserker
    27 | D        | Reached XP level 15. HP: 139/139 MP: 15/15
    27 | D        | Killed a destroyer
    27 | D        | Reached skill level 27 in Dodging
    27 | D        | Reached XP level 16. HP: 147/147 MP: 16/16
    27 | D        | Noticed a bag of meat
    27 | D        | Noticed a bag of meat
    27 | D        | Noticed a meat berserker
    28 | D        | Killed a meat berserker
    28 | D        | Killed a bag of meat
    29 | D        | Killed a bag of meat
    29 | D        | Noticed a destroyer
    29 | D        | Noticed a large bag of meat
    30 | D        | Noticed a destroyer
    32 | D        | Killed a bag of meat
    32 | D        | Killed a destroyer
    32 | D        | Reached skill level 27 in Armour
    32 | D        | Reached XP level 17. HP: 178/178 MP: 17/17
    33 | D        | Killed a meat berserker
    33 | D        | Reached ****** piety under Makhleb
    33 | D        | Killed a meat berserker
    33 | D        | Noticed a destroyer
    34 | D        | Killed a large bag of meat
    34 | D        | Noticed a bag of meat
    35 | D        | Noticed a bag of meat
    36 | D        | Killed a meat berserker
    36 | D        | Reached skill level 27 in Fighting
    36 | D        | Reached XP level 18. HP: 198/200 MP: 18/18
    36 | D        | Killed a destroyer
    37 | D        | Killed a bag of meat
    37 | D        | Reached skill level 27 in Shields
    38 | D        | Noticed a meat berserker
    39 | D        | Killed a large bag of meat
    39 | D        | Reached XP level 19. HP: 179/207 MP: 18/29
    40 | D        | Killed a bag of meat
    40 | D        | Reached skill level 15 in Invocations
    40 | D        | Killed a bag of meat
    40 | D        | Killed a bag of meat
    40 | D        | Noticed a meat berserker
    42 | D        | Killed a bag of meat
    42 | D        | Noticed a meat berserker
    42 | D        | Noticed The Servant
    42 | D        | Noticed a bag of meat
    43 | D        | Killed a meat berserker
    43 | D        | Killed a bag of meat
    43 | D        | Killed a destroyer
    43 | D        | Reached skill level 27 in Invocations
    43 | D        | Reached XP level 20. HP: 216/216 MP: 19/37
    44 | D        | Killed a bag of meat
    44 | D        | Noticed a destroyer
    45 | D        | Killed a bag of meat
    45 | D        | Killed a meat berserker
    45 | D        | Noticed an eight-headed meat hydra
    46 | D        | Killed a destroyer
    46 | D        | Reached skill level 27 in Stealth
    46 | D        | Killed a bag of meat
    46 | D        | Noticed a tyrant
    47 | D        | Killed a meat berserker
    47 | D        | Reached skill level 10 in Spellcasting
    47 | D        | Demolished by The Servant

Levels and vault maps discovered:
D:        meatsprint

Skill      XL: |  1  2  3  4  5  6  7  8  9 10 11 12 13 14 15 16 17 18 19 20 |
---------------+-------------------------------------------------------------+-----
Fighting       | 14 22 27 | 27.0
Axes & Hammers | 9 19 25 27 | 27.0
Armour         | 13 16 27 | 27.0
Shields        | 13 14 27 | 27.0
Dodging        | 8 17 22 27 | 27.0
Invocations    | 13 27 | 27.0
Stealth        | 18 27 | 27.0
Spellcasting   | 10 | 10.8

Action                   |  1- 3 |  4- 6 |  7- 9 | 10-12 | 13-15 | 16-18 | 19-21 || total
-------------------------+-------+-------+-------+-------+-------+-------+-------++-------
Melee: Executioner's axe |     1 |       |       |     4 |     7 |     8 |     7 ||    27
Armor: Scale mail        |       |       |       |       |       |     1 |       ||     1
